Construct Section Command Post
Selects Heavy Armor Battlegroup
Selects Rigorous Vehicle Training
Construct Platoon Command Post
Unlock Bishop Self-propelled Artillery
Construct Field Infirmary
Bishop Self-propelled Artillery
Selects Forward Repair Assembly
Selects Light Vehicle Withdraw and Refit
6-pounder Anti-tank Gun Team
Bishop Self-propelled Artillery
Selects Designate Targets
Construct Company Command Post
6-pounder Anti-tank Gun Team
Selects Churchill Black Prince Heavy Tank
Churchill Black Prince Heavy Tank